 Dungeon Crawl Stone Soup version 0.29.0-4-gdea44cf6ec (webtiles) character file.

Game seed: 13577912877346042642

47 qw the Ruffian (level 3, -3/28 HPs)
             Began as a Ghoul Fire Elementalist on Aug 30, 2022.
             Slain by a worm (7 damage)
             ... on level 2 of the Dungeon.
             The game lasted 00:01:35 (2973 turns).

qw the Ruffian (Ghoul Fire Elementalist)            Turns: 2973, Time: 00:01:36

Health: -3/28      AC:  3    Str: 13    XL:     3   Next: 70%
Magic:  4/4        EV: 11    Int: 10    God:
Gold:   49         SH:  0    Dex:  9    Spells: 4/5 levels left

rFire   . . .      SeeInvis .     - Unarmed
rCold   + . .      Faith    .   (no shield)
rNeg    + + +      Spirit   .   f - +0 leather armour
rPois   inf        Reflect  .   (no helmet)
rElec   .          Harm     .   (no cloak)
rCorr   .          Rampage  .   (no gloves)
Will    +....                   (no boots)
Stlth   +.........              (no amulet)
HPRegen 0.00/turn               i - ring of willpower
MPRegen 0.09/turn               (no ring)

@: inhibited regen
A: claws 1, cold resistance 1, negative energy resistance 3, inhibited
regeneration, torment resistance 2, devour on kill
a: no special abilities


You were on level 2 of the Dungeon.
You visited 1 branch of the dungeon, and saw 2 of its levels.

You collected 49 gold pieces.


Innate Abilities, Weirdness & Mutations

You are immune to poison.
You have sharp fingernails.
Your flesh is cold resistant. (rC+)
You are immune to negative energy. (rN+++)
You do not regenerate when monsters are visible.
You are immune to unholy pain and torment.
You thrive by killing the living.


   Skills:
 - Level 1.1 Fighting
 - Level 1.7 Dodging
 - Level 2.1 Stealth
 + Level 3.2 Unarmed Combat
 - Level 1.7 Spellcasting
 - Level 0.7 Conjurations
 - Level 2.4 Fire Magic


You had 4 spell levels left.
You knew the following spells:

 Your Spells              Type           Power      Damage    Failure   Level
a - Foxfire               Conj/Fire      16%        2x1d4     22%         1

Your spell library contained the following spells:

 Spells                   Type           Power      Damage    Failure   Level
 Scorch                   Fire           10%        2d6       22%         2
 Conjure Flame            Conj/Fire      4%         6-21      54%         3
 Inner Flame              Hex/Fire       3%         N/A       58%         3
 Flame Wave               Conj/Fire      4%         2d5       91%         4

Inventory:

Armour
 b - a +0 ring mail
 f - a +0 leather armour (worn)
Jewellery
 i - a ring of willpower (left claw)
Scrolls
 a - a scroll of blinking {unknown}
Potions
 c - a potion of invisibility {unknown}
 g - a potion of curing
 h - a potion of cancellation
 j - a potion of heal wounds {unknown}

Dungeon Overview and Level Annotations

Branches:
Dungeon (2/15)

Altars:


Message History

You see here a frilled lizard corpse.
Found a stone staircase leading down.
You open the door.
An adder comes into view.
The adder hisses angrily.
You scratch the adder.
The adder is lightly wounded.
The adder barely misses you.
You miss the adder.
The adder is lightly wounded.
The adder bites you.
You scratch the adder.
The adder is moderately wounded.
The adder bites you but does no damage.
You claw the adder!
You kill the adder!
Your Unarmed Combat skill increases to level 3!
You start resting.
HP restored.
A worm comes into view.
Enter note: You scratch the worm.
The worm is lightly wounded.
The worm bites you.
You scratch the worm.
The worm is moderately wounded.
You barely miss the worm.
The worm is moderately wounded.
The worm bites you!
You scratch the worm.
The worm is heavily wounded.
You scratch the worm.
The worm is heavily wounded.
The worm bites you!
You scratch the worm.
The worm is heavily wounded.
You barely miss the worm.
The worm is heavily wounded.
The worm bites you!
You die...

'####### #.# .......
.%.....#####.# #........
.............# #........
.............###........
+###.........#..........
...'......%>............
####.................#
#.............w...#
########.....@....#
.............#
.....##.......#
.....##.....$.# .....
######### ....


You could see a worm.

Vanquished Creatures
  An adder (D:2)
  A worm (D:2)
  A dart slug (D:1)
  3 endoplasms
  A giant cockroach (D:2)
  3 goblins (D:1)
  2 hobgoblins (D:1)
  4 jackals (D:1)
  3 quokkas (D:1)
  3 ball pythons (D:1)
  A bat (D:1)
  4 frilled lizards
  2 kobolds
  2 rats (D:2)
31 creatures vanquished.

Notes
Turn   | Place    | Note
-------+----------+-------------------------------------------
     0 | D:1      | qw the Ghoul Fire Elementalist began the quest for the Orb.
     0 | D:1      | Reached XP level 1. HP: 14/14 MP: 2/2
     0 | D:1      | 0 ||| qw: Version: 0.1-a-90-g952f4b7
     0 | D:1      | 0 ||| qw: Game counter: 4286
     0 | D:1      | 0 ||| qw: Always use a shield: true
     0 | D:1      | 0 ||| qw: God list: Okawaru
     0 | D:1      | 0 ||| qw: Allow faded altars: false
     0 | D:1      | 0 ||| qw: Do Orc after D:15 true
     0 | D:1      | 0 ||| qw: Do second Lair branch before Depths: true
     0 | D:1      | 0 ||| qw: Lair rune preference: random
     0 | D:1      | 0 ||| qw: Plans: Normal
     0 | D:1      | 0 ||| PLANNING D:1-11
    42 | D:1      | HP: 1/14 [quokka (3)]
   530 | D:1      | Reached skill level 1 in Unarmed Combat
   762 | D:1      | 762 ||| Stepping ~*~*~tactically~*~*~ (hiding).
   864 | D:1      | 864 ||| Stepping ~*~*~tactically~*~*~ (hiding).
   966 | D:1      | 966 ||| Stepping ~*~*~tactically~*~*~ (hiding).
  1068 | D:1      | 1068 ||| Stepping ~*~*~tactically~*~*~ (hiding).
  1170 | D:1      | 1170 ||| Stepping ~*~*~tactically~*~*~ (hiding).
  1272 | D:1      | 1272 ||| Stepping ~*~*~tactically~*~*~ (hiding).
  1374 | D:1      | 1374 ||| Stepping ~*~*~tactically~*~*~ (hiding).
  1476 | D:1      | 1476 ||| Stepping ~*~*~tactically~*~*~ (hiding).
  1578 | D:1      | 1578 ||| Stepping ~*~*~tactically~*~*~ (hiding).
  1686 | D:1      | Reached skill level 1 in Fighting
  1686 | D:1      | Reached XP level 2. HP: 23/23 MP: 3/3
  1774 | D:1      | 1774 ||| Stepping ~*~*~tactically~*~*~ (stealth).
  1782 | D:1      | 1782 ||| Stepping ~*~*~tactically~*~*~ (outnumbered).
  1797 | D:1      | Reached skill level 2 in Unarmed Combat
  1993 | D:1      | 1993 ||| Stepping ~*~*~tactically~*~*~ (stealth).
  1995 | D:1      | 1995 ||| Stepping ~*~*~tactically~*~*~ (stealth).
  1997 | D:1      | 1997 ||| Stepping ~*~*~tactically~*~*~ (stealth).
  1999 | D:1      | 1999 ||| Stepping ~*~*~tactically~*~*~ (stealth).
  2000 | D:1      | 2000 ||| Stepping ~*~*~tactically~*~*~ (stealth).
  2104 | D:1      | 2104 ||| Stepping ~*~*~tactically~*~*~ (outnumbered).
  2108 | D:1      | Reached XP level 3. HP: 25/28 MP: 4/4
  2403 | D:1      | 2403 ||| UPGRADING to +0 leather armour.
  2413 | D:1      | 2413 ||| DROPPING +0 robe.
  2414 | D:1      | 2414 ||| UPGRADING to ring of willpower.
  2415 | D:1      | 2415 ||| READING scroll labelled ATIORAW GILUWE.
  2416 | D:1      | 2416 ||| READING scroll labelled MEK ICWAMASIQA.
  2417 | D:1      | 2417 ||| READING scroll labelled CILIACV QECSIA.
  2418 | D:1      | 2418 ||| DRINKING 2 amethyst potions.
  2419 | D:1      | 2419 ||| DRINKING 2 puce potions.
  2420 | D:1      | 2420 ||| DROPPING potion of magic.
  2639 | D:2      | Found a faded altar of an unknown god.
  2840 | D:2      | 2840 ||| Stepping ~*~*~tactically~*~*~ (stealth).
  2842 | D:2      | 2842 ||| Stepping ~*~*~tactically~*~*~ (stealth).
  2887 | D:2      | 2887 ||| Stepping ~*~*~tactically~*~*~ (stealth).
  2888 | D:2      | 2888 ||| Stepping ~*~*~tactically~*~*~ (stealth).
  2919 | D:2      | Reached skill level 3 in Unarmed Combat
  2971 | D:2      | HP: 4/28 [worm (7)]
  2973 | D:2      | Slain by a worm

Levels and vault maps discovered:
D:1:      dpeg_arrival_stone_temple_mockup, layout_loops_ring,
          hangedman_decor_lopped
D:2:      layout_basic, basic_ecumenical_altar, basic_altar, uniq_robin

Skill      XL: |  1  2  3 |
---------------+----------+-----
Unarmed Combat | 1 2 3 |  3.2
Fighting       | 1 |  1.1
Dodging        | |  1.7
Stealth        | |  2.1
Spellcasting   | |  1.7
Conjurations   | |  0.7
Fire Magic     | |  2.4

Action                   || total
-------------------------++-------
Melee: Unarmed           ||   145
       Punch             ||     2
  Use: Scroll            ||     3
       Potion            ||     2
Armor: Robe              ||    11
       Leather armour    ||     5
Dodge: Dodged            ||    82

Table legend:
 A = Non-vault XP
 B = Vault XP
 C = Vault XP percentage of total XP
 D = Non-vault monster count
 E = Vault monster count
 F = Vault count percentage of total count
                 A         B        C        D         E       F
            +---------+---------+-------+---------+---------+-------
      Total |      68 |       0 |   0.0 |      31 |       0 |   0.0
            +---------+---------+-------+---------+---------+-------
        D:1 |      38 |       0 |   0.0 |      20 |       0 |   0.0
        D:2 |      30 |       0 |   0.0 |      11 |       0 |   0.0
            +---------+---------+-------+---------+---------+-------
